 Dungeon Crawl Stone Soup version 0.27-a0-978-g2aa4ecdaef (webtiles) character file.

Game seed: 16844051314320917880

2626 robertstho the Magician (level 9, -6/61 HPs)
             Began as a Djinni Ice Elementalist on Apr 14, 2021.
             Was a Believer of Makhleb.
             Mangled by a tentacled starspawn (17 damage)
             ... on level 1 of the Abyss.
             The game lasted 00:12:21 (8032 turns).

robertstho the Magician (Djinni Ice Elementalist)   Turns: 8032, Time: 00:12:22

Health: -6/61      AC: 12    Str:  7    XL:     9   Next: 60%
Gold:   421        EV: 13    Int: 20    God:    Makhleb [**....] SH:  0 Dex: 14

rFire    + + .     SeeInvis +   A - +1 war axe (vamp)
rCold    x . .     Faith    .   (no shield)
rNeg     . . .     Spirit   .   a - +1 robe
rPois    ∞         Reflect  .   c - +0 helmet
rElec    .         Harm     .   (no cloak)
rCorr    .         Rampage  .   (no gloves)
Will     .....                  (boots unavailable)
Stlth    ++........             x - amulet of regeneration
HPRegen  1.20/turn              u - ring of see invisible
MPRegen  0.00/turn              z - +4 ring of slaying

@: ice-armoured, freezing walls, flying, hasted, very quick
A: fire resistance 2, cold vulnerability 1, float, innate caster, hp casting,
extra vitality 1
a: Renounce Religion, Minor Destruction


You were on level 1 of the Abyss.
You worshipped Makhleb.
Makhleb was pleased with you.
You visited 2 branches of the dungeon, and saw 9 of its levels.
You visited the Abyss 1 time.

You collected 421 gold pieces.

Inventory:

Hand Weapons
 m - a +2 hand axe of electrocution
 A - a +1 vampiric war axe (weapon)
Missiles
 k - 4 boomerangs of dispersal
 s - a curare-tipped dart
Armour
 a - a +1 robe (worn)
 c - a +0 helmet (worn)
Jewellery
 f - a +6 ring of strength
 o - an amulet of the acrobat
 u - a ring of see invisible (left hand)
 x - an amulet of regeneration (around neck)
 y - a ring of wizardry
 z - a +4 ring of slaying (right hand)
Wands
 n - a wand of digging (4)
 F - a wand of iceblast (9)
Scrolls
 d - 2 scrolls of fog {unknown}
 e - 2 scrolls of vulnerability {unknown}
 i - 3 scrolls of enchant weapon {unknown}
 j - a scroll of blinking
 p - a scroll of summoning
 q - a scroll of magic mapping
 r - 2 scrolls of enchant armour
 v - 2 scrolls of teleportation
 D - a scroll of silence
Potions
 b - 2 potions of brilliance
 g - a potion of invisibility {unknown}
 h - 3 potions of lignification {unknown}
 t - a potion of haste
 w - a potion of mutation
 B - a potion of curing
 C - 2 potions of attraction
 E - 2 potions of resistance {unknown}


   Skills:
 + Level 3.5 Fighting
 + Level 0.5 Short Blades
 + Level 4.9 Axes
 + Level 4.5 Dodging
 + Level 3.0 Stealth
 * Level 7.8 Spellcasting
 * Level 4.2 Invocations


You couldn't memorise any spells.
You knew the following spells:

 Your Spells              Type           Power      Damage    Failure   Level
a - Freeze                Ice            100%       1d11      1%          1
b - Frozen Ramparts       Ice            78%        1d9       1%          3
c - Ozocubu's Armour      Ice            39%        N/A       1%          3
d - Hailstorm             Conj/Ice       39%        3d9       3%          4
e - Metabolic Englaciati  Hex/Ice        19%        N/A       10%         5
f - Sandblast             Erth           78%        2d17      1%          1
g - Passwall              Tmut/Erth      32%        N/A       1%          2
h - Ensorcelled Hibernat  Hex/Ice        78%        N/A       1%          2
i - Summon Lightning Spi  Summ/Air       39%        N/A       3%          4
Your spell library was empty.

Dungeon Overview and Level Annotations

Branches:
Dungeon (8/15)             Temple (1/1) D:4
   Lair: D:8-11

Altars:
Cheibriados
Kikubaaqudgha
Makhleb
Qazlal
Trog
Uskayaw
Vehumet
Xom

Shops:
D:5 :

Annotations:
D:8 Psyche


Innate Abilities, Weirdness & Mutations

You are immune to poison.
Your flesh is very heat resistant. (rF++)
You are vulnerable to cold. (rC-)
You float through the air rather than walking.
You learn spells naturally, not from books.
Your magical power is your life essence.
You have superior vitality. (+4 HP)


Message History

The tentacled starspawn is lightly damaged.
The wall freezes the tentacled starspawn!
The tentacled starspawn bites you!
The tentacled starspawn tentacle-slaps you!
Unknown command.
You feel much better.
The wall freezes the tentacled starspawn!
Tentacles burst from the starspawn's body! 2 starspawn tentacles come into view.
You feel yourself speed up.
The wall freezes the tentacled starspawn!
The tentacled starspawn bites you!!
The tentacled starspawn tentacle-slaps you!
An apocalypse crab comes into view.
The wall freezes the starspawn tentacle.
You feel much better.
The wall freezes the tentacled starspawn!
The tentacled starspawn bites you!!
The tentacled starspawn closely misses you.
Unknown command.
You hit the tentacled starspawn.
The tentacled starspawn is heavily damaged.
The wall freezes the tentacled starspawn.
The tentacled starspawn bites you.
The tentacled starspawn tentacle-slaps you!
* * * LOW HITPOINT WARNING * * *
Unknown command.
You feel better.
You feel better.
The wall freezes the starspawn tentacle segment.
The wall freezes the tentacled starspawn!
The tentacled starspawn bites you!
* * * LOW HITPOINT WARNING * * *
The tentacled starspawn barely misses you.
Unknown command.
You feel better.
The wall freezes the tentacled starspawn!
The tentacled starspawn misses you.
The tentacled starspawn tentacle-slaps you!
You die...

# .. .# .#.. #. #
... #. .. #.. ##.
... . .... ..#
#X##.####.##.
...<#──.#...##.#
#.─w..w──...## .
#.#####X.#....####
. #@#.# ...#.#
#.###. .....+
##....#.##..# . .
#.......# ..## .
#. .#.#.# .... .
#.. .#..#........
.. ... #..#..... .
. . ..##
...##........ # #
. ##...#.#. .. ..


You could see a tentacled starspawn and a starspawn tentacle.

Vanquished Creatures
  Pikel (D:6)
  Prince Ribbit (D:6)
  A wyvern (D:7)
  Menkaure (D:6)
  A water moccasin (D:6)
  An ice beast (D:6)
  A sky beast (D:8)
  A necrophage (D:7)
  3 ogres
  A centaur (D:7)
  A lemure (D:6)
  2 kobold brigands
  2 scorpions (D:6)
  A howler monkey (D:5)
  A crimson imp (D:5)
  A centaur zombie (D:6)
  An orc priest (D:5)
  3 hounds
  A jelly (D:6)
  A bullfrog skeleton (D:6)
  A centaur skeleton (D:5)
  5 iguanas
  An iron imp (Abyss:1)
  2 orc wizards
  Terence (D:2)
  A killer bee zombie (D:7)
  A hound skeleton (D:4)
  A howler monkey skeleton (D:4)
  8 adders
  2 shadow imps
  A white imp (D:5)
  An adder skeleton (D:4)
  A worm (D:5)
  A dart slug (D:2)
  17 orcs
  2 ball pythons
  3 bats
  7 endoplasms
  3 giant cockroaches
  7 goblins
  7 hobgoblins
  8 jackals
  3 quokkas
  3 frilled lizards
  11 kobolds
  7 rats
131 creatures vanquished.

Vanquished Creatures (collateral kills)
  A phantom (D:7)
1 creature vanquished.

Vanquished Creatures (others)
  2 starspawn tentacles (Abyss:1)
2 creatures vanquished.

Grand Total: 134 creatures vanquished

Notes
Turn   | Place    | Note
-------+----------+-------------------------------------------
     0 | D:1      | robertstho the Djinni Ice Elementalist began the quest for
                  | the Orb.
     0 | D:1      | Reached XP level 1. HP: 15/15 MP: 0/0
   208 | D:1      | Found a faded altar of an unknown god.
   339 | D:1      | Reached XP level 2. HP: 19/21 MP: 0/0
   370 | D:1      | Reached skill level 4 in Spellcasting
  1267 | D:2      | Reached XP level 3. HP: 23/25 MP: 0/0
  1267 | D:2      | Learned a level 1 spell: Sandblast
  1451 | D:2      | Noticed Terence
  1460 | D:2      | Killed Terence
  1771 | D:2      | Reached XP level 4. HP: 27/31 MP: 0/0
  2229 | D:3      | Found a stormy altar of Qazlal.
  2387 | D:3      | Reached skill level 1 in Fighting
  3007 | D:3      | Noticed a kobold brigand
  3016 | D:3      | Killed a kobold brigand
  3017 | D:3      | Reached skill level 5 in Spellcasting
  3017 | D:3      | Reached XP level 5. HP: 5/37 MP: 0/0
  3017 | D:3      | Learned a level 2 spell: Passwall
  3503 | D:3      | Reached skill level 1 in Axes
  3757 | D:4      | Reached XP level 6. HP: 38/42 MP: 0/0
  3963 | D:4      | Found a staircase to the Ecumenical Temple.
  4056 | Temple   | Entered the Ecumenical Temple
  4068 | Temple   | Became a worshipper of Makhleb the Destroyer
  4395 | D:4      | Reached XP level 7. HP: 45/48 MP: 0/0
  4395 | D:4      | Learned a level 2 spell: Ensorcelled Hibernation
  4905 | D:5      | Entered Level 5 of the Dungeon
  4912 | D:5      | Reached skill level 6 in Spellcasting
  4929 | D:5      | Reached skill level 1 in Invocations
  5400 | D:5      | Reached * piety under Makhleb
  5717 | D:5      | Found Jyll's Book Boutique.
  5985 | D:6      | Reached XP level 8. HP: 54/54 MP: 0/0
  5991 | D:6      | Noticed Menkaure
  6003 | D:6      | Killed Menkaure
  6329 | D:6      | Noticed Prince Ribbit
  6337 | D:6      | Killed Prince Ribbit
  6338 | D:6      | Reached skill level 7 in Spellcasting
  6366 | D:6      | Noticed Pikel
  6376 | D:6      | Killed Pikel
  6377 | D:6      | Reached XP level 9. HP: 42/59 MP: 0/0
  6377 | D:6      | Learned a level 4 spell: Summon Lightning Spire
  7198 | D:7      | Found a hide-covered altar of Uskayaw.
  7482 | D:7      | Reached ** piety under Makhleb
  7905 | D:8      | Noticed Psyche
  7910 | D:8      | Cast into level 1 of the Abyss (Psyche)
  8016 | Abyss:1  | Noticed a tentacled starspawn
  8027 | Abyss:1  | Noticed an apocalypse crab
  8029 | Abyss:1  | HP: 3/61 [tentacled starspawn (17)]
  8032 | Abyss:1  | Mangled by a tentacled starspawn

Illustrated notes

Levels and vault maps discovered:
D:1:      minmay_arrival_open_corners, layout_loops_ring,
          shapermc_ecumenical_altar_totnotflames, minmay_tiny_reverse_x
D:2:      layout_rooms, minmay_misc_feat_rows, minmay_hexomino_u4, uniq_terence
D:3:      layout_loops_corners, grunt_qazlal_sundering
D:4:      layout_loops_corners, minmay_temple_entry_crystal_x, minmay_circle_x
D:5:      layout_basic, serial_shops, nicolae_shop_behind_doors,
          minmay_fire_ice_demons
D:6:      layout_basic, uniq_menkaure, uniq_pikel, uniq_prince_ribbit1
D:7:      layout_loops_corners, amcnicky_altar_gilded, serial_rivers,
          chequers_serial_rivers_room_a, chequers_serial_rivers_micro_b,
          chequers_serial_rivers_micro_a, chequers_serial_rivers_large_a,
          chequers_serial_rivers_micro_b
D:8:      layout_basic, uniq_maurice, uniq_psyche
Temple:   regret_index_temple_chain_breaker
Abyss:1:  base:
D:2

Skill      XL: |  1  2  3  4  5  6  7  8  9 |
---------------+----------------------------+-----
Spellcasting   | 4 5 6 7 |  7.8
Fighting       | 1 2 3 |  3.5
Stealth        | 2 3 |  3.0
Axes           | 1 2 4 |  4.9
Invocations    | 2 3 4 |  4.2
Dodging        | 3 4 |  4.5
Short Blades   | |  0.5

Action                   |  1- 3 |  4- 6 |  7- 9 || total
-------------------------+-------+-------+-------++-------
Melee: Dagger            |    37 |       |       ||    37
       Unarmed           |     1 |       |       ||     1
       Hand axe          |     2 |    68 |    13 ||    83
       War axe           |       |       |   113 ||   113
 Cast: Freeze            |    23 |     9 |     6 ||    38
       Frozen Ramparts   |     1 |    23 |    21 ||    45
       Ozocubu's Armour  |       |       |     5 ||     5
       Summon Lightning  |       |       |     1 ||     1
  Use: Scroll            |       |     7 |    10 ||    17
       Potion            |       |     1 |     8 ||     9
 Stab: Sleeping          |     2 |     3 |     4 ||     9
       Distracted        |       |       |     1 ||     1
Armor: Robe              |     6 |    12 |    27 ||    45
Dodge: Dodged            |    35 |    61 |   115 ||   211

Table legend: (Time is in decaauts)
 A = Elapsed time spent in this place.
 B = Non-inter-level travel time spent in this place.
 C = Inter-level travel time spent in this place.
 D = Time resting spent in this place.
 E = Time spent auto-exploring this place.
 F = Levels seen in this place.
 G = Mean time per level.
                   A        B        C        D        E       F      G
               +--------+--------+--------+--------+--------+-----+--------+
         Total |   8085 |   7896 |    189 |    699 |   6245 |  10 |  808.5 |
       Dungeon |   7941 |   7763 |    178 |    626 |   6217 |   8 |  992.6 |
        Temple |     22 |     12 |     10 |      0 |      9 |   1 |   22.0 |
         Abyss |    122 |    122 |      0 |     73 |     19 |   1 |  122.0 |
               +--------+--------+--------+--------+--------+-----+--------+

Top non-repeatable levels by time:
     D:3: 1551 daAuts
     D:1: 1524 daAuts
     D:4: 1161 daAuts
     D:5: 1051 daAuts
     D:7: 1014 daAuts
     D:6: 849 daAuts
     D:2: 663 daAuts
     D:8: 124 daAuts
 Abyss:1: 122 daAuts
  Temple: 22 daAuts
